Map: Ulrena

Players

Starkiller

  • Race: Protoss Protoss
  • League: Diamond

Burt - Winner!

  • Race: Terran Terran
  • League: Platinum

VOD

Have the link to the VOD?

Description

Time

  • Played on: Nov. 17, 2015, 9:57 p.m.
  • Length: 5:06
Show
View Real Time Build Order
Export as new Build Order

Starkiller Protoss 

Build Orders:  

Get SALT Encoding   

  12  0:02  Probe (Chrono Boost)  
  13  0:15  Pylon  
  13  0:19  Probe (Chrono Boost)  
  14  0:29  Probe (Chrono Boost)  
  15  0:38  Gateway  
  15  0:40  Probe (Chrono Boost)  
  16  0:49  Assimilator  
  16  0:55  Probe (Chrono Boost)  
  17  1:05  Assimilator  
  17  1:11  Probe (Chrono Boost)  
  18  1:21  Probe (Chrono Boost), Pylon  
  19  1:32  Probe (Chrono Boost)  
  20  1:33  Pylon  
  20  1:44  Cybernetics Core  
  20  1:46  Probe (Chrono Boost)  
  21  1:57  Probe (Chrono Boost)  
  21  1:59  Pylon  
  22  2:09  Probe (Chrono Boost)  
  23  2:20  Robotics Facility  
  23  2:29  Adept (Chrono Boost)  
  25  2:32  Warp Gate (Chrono Boost)  
  25  2:37  Gateway  
  25  3:01  Adept (Chrono Boost)  
  27  3:05  Pylon  
  27  3:09  Immortal  
  31  3:15  Mothership Core  
  33  3:25  Gateway  
  33  3:35  Sentry  
  35  3:45  Pylon  
  35  3:50  Immortal (Chrono Boost)  
  39  3:58  Pylon  
  38  4:08  Stalker x2  
  42  4:34  Stalker  
  43  4:42  Pylon  
  24  5:01  Stalker x3  
Show
View Real Time Build Order
Export as new Build Order

Burt Terran - Winner!

Build Orders: 1/1/1, Banshee Rush 

Get SALT Encoding   

  12  0:01  SCV  
  13  0:13  SCV  
  14  0:17  Supply Depot  
  14  0:25  SCV  
  15  0:34  Refinery  
  15  0:39  SCV  
  16  0:48  Barracks  
  16  0:51  SCV  
  17  1:00  Supply Depot  
  17  1:06  SCV  
  18  1:11  Refinery  
  18  1:18  SCV  
  19  1:35  Orbital Command  
  19  1:41  Factory  
  19  1:45  Marine  
  20  1:53  Bunker  
  20  2:01  SCV  
  20  2:02  Marine  
  22  2:14  SCV  
  23  2:20  Marine  
  24  2:25  Factory Tech Lab  
  24  2:26  SCV  
  24  2:27  Starport  
  25  2:41  Barracks Reactor  
  25  2:45  SCV  
  26  2:57  SCV  
  27  2:58  Supply Depot  
  27  3:02  Factory Tech Lab  
  27  3:09  Cloaking Field  
  27  3:10  Banshee  
  30  3:13  Factory Tech Lab  
  30  3:16  SCV  
  30  3:18  Supply Depot  
  31  3:22  Engineering Bay  
  31  3:23  Marine  
  31  3:25  Marine  
  33  3:30  SCV  
  34  3:37  Siege Tank  
  37  3:41  Marine  
  37  3:42  SCV  
  37  3:43  Marine  
  39  4:15  SCV  
  39  4:16  Marine x2  
  42  4:17  Siege Tank  
  42  4:22  Banshee  
  42  4:23  Missile Turret  
  48  4:28  SCV  
  48  4:29  Supply Depot  
  49  4:37  Marine x2  
  51  4:40  SCV  
  52  4:51  Supply Depot  
  52  4:52  SCV  
  56  4:55  Supply Depot  
Tags
 
Matchup
PvT
Opening
1/1/1
Replay Pack
replay-pack-tvp
Strategy
Banshee Rush
Add a new tag
Caveats
  • Supply blocks, unpowered buildings, or Contaminate may cause inaccurate times.
  • Supply counts are checked every 10 seconds.